 Dungeon Crawl Stone Soup version 0.31.0-1-g2c135a0 (webtiles) character file.

Game seed: 11254019806221200404

65 Cambo125 the Trooper (level 3, -2/29 HPs)
             Began as a Demonspawn Chaos Knight on Apr 8, 2024.
             Was a Plaything of Xom.
             Slain by a gnoll
             ... wielding a +0 halberd
              (5 damage)
             ... on level 2 of the Dungeon.
             The game lasted 00:05:09 (1166 turns).

Cambo125 the Trooper (Demonspawn Chaos Knight)      Turns: 1166, Time: 00:05:09

Health: -2/29      AC:  6    Str: 14    XL:     3   Next: 92%
Magic:  3/3        EV:  9    Int: 12    God:    Xom [.....*]
Gold:   71         SH:  0    Dex: 12    Spells: 2/2 levels left

rFire   . . .        a - +0 falchion (chaos)
rCold   . . .        e - orb {*Rage}
rNeg    . . .        i - +0 scale mail
rPois   .            (helmet restricted)
rElec   .            (no cloak)
rCorr   .            (no gloves)
SInv    .            (no boots)
Will    .....        (no amulet) Stlth
                     (no ring)
HPRegen 0.24/turn    (no ring)
MPRegen 0.08/turn

%: random rage (20%)
@: cleaving, on berserk cooldown, slowed, very slow
A: horns 2
a: Renounce Religion


You were on level 2 of the Dungeon.
You worshipped Xom.
You were Xom's teddy bear.
You visited 1 branch of the dungeon, and saw 2 of its levels.

You collected 71 gold pieces.

Inventory:

Hand Weapons
 a - a +0 falchion of chaos (weapon)
 h - the +4 dagger "Icurphea" {antimagic, rC++}
   (You took it off a hobgoblin on level 2 of the Dungeon)

   rC++:      It greatly protects you from cold.
Armour
 e - an orb of wrath (worn)
 i - a +0 scale mail (worn)
Wands
 f - a wand of flame (2)
Scrolls
 b - 2 scrolls of identify
 d - a scroll of enchant armour
Potions
 g - a potion of enlightenment


   Skills:
 + Level 3.5 Fighting
 + Level 3.3 Long Blades
 + Level 2.5 Armour
 + Level 1.5 Dodging


You had 2 spell levels left.
You didn't know any spells.
Your spell library was empty.

Dungeon Overview and Level Annotations

Branches:
Dungeon (2/15)

Altars:
Xom


Innate Abilities, Weirdness & Mutations

You have a pair of horns on your head.


Message History

* * * LOW HITPOINT WARNING * * *
"Go forth and destroy!"
Your +0 falchion of chaos looks sharp.
You feel a strong urge to attack something.
You feel your anger nearly subside.
You are no longer berserk.
You are exhausted.
You feel yourself slow down.
As you read the scroll of butterflies, it crumbles to dust.
You hear the flapping of tiny wings.
The gnoll misses your butterfly.
There are monsters nearby!
There are monsters nearby!
There are monsters nearby!
You swap places.
The gnoll closely misses your butterfly.
The gnoll misses your butterfly. The gnoll barely misses your butterfly.
The gnoll closely misses your butterfly.
You swap places.
The gnoll misses your butterfly.
The gnoll hits your butterfly with a +0 spear!
Your butterfly dies!
Your butterfly disappears in a burst of colours!
You swap places.
The gnoll completely misses your butterfly.
You swap places.
The gnoll misses your butterfly.
You swap places.
The gnoll hits you but does no damage. The gnoll closely misses you.
You swap places.
The gnoll hits you but does no damage.
The gnoll hits you from afar with a +0 spear.
* * * LOW HITPOINT WARNING * * *
You hit the gnoll.
The gnoll is moderately wounded.
The gnoll barely misses you.
The gnoll hits you from afar with a +0 spear.
* * * LOW HITPOINT WARNING * * *
The gnoll closely misses you. The gnoll barely misses you.
You completely miss the gnoll. Your headbutt misses the gnoll.
The gnoll is moderately wounded.
The gnoll hits you with a +0 halberd.
You die...
Xom is highly amused!

##.......# #.#####.# ##.#
#.# ##.# #.# .### #.# ..##
#.# #..#####.######
######.##
#.............######.b......
...##.#######.gg@bbbb#
#.###.# #.g#####.# .## #.#
#..#####b# # #.# #gg...##b#
#.# #g.#.....# #.#
#..#.###.# #.# #... . ..#
..##.....# ...# . ..


You could see 3 gnolls.

Vanquished Creatures
  A gnoll (D:1)
  2 adders (D:2)
  A dart slug (D:1)
  A bat (D:1)
  2 endoplasms (D:1)
  3 giant cockroaches (D:1)
  4 goblins
  5 hobgoblins
  3 jackals (D:1)
  8 ball pythons
  A frilled lizard (D:1)
  2 kobolds (D:2)
33 creatures vanquished.

Vanquished Creatures (collateral kills)
  A frilled lizard (D:1)
1 creature vanquished.

Vanquished Creatures (others)
  A giant cockroach zombie (D:1)
1 creature vanquished.

Grand Total: 35 creatures vanquished

Notes
Turn   | Place    | Note
-------+----------+-------------------------------------------
     0 | D:1      | Cambo125 the Demonspawn Chaos Knight began the quest for
                  | the Orb.
     0 | D:1      | Reached XP level 1. HP: 18/18 MP: 1/1
   256 | D:1      | Reached skill level 1 in Dodging
   256 | D:1      | Gained mutation: You have a pair of small horns on your
                  | head. [demonic ancestry]
   256 | D:1      | Reached XP level 2. HP: 16/24 MP: 2/2
   261 | D:1      | XOM: silly message
   302 | D:1      | XOM: 3-stop teleportation journey
   578 | D:1      | Gained mutation: You have a pair of horns on your head.
                  | [demonic ancestry]
   578 | D:1      | Reached XP level 3. HP: 24/29 MP: 3/3
   610 | D:1      | XOM: scenery: create altars
   631 | D:1      | XOM: divination: magic mapping
  1046 | D:2      | Identified the +4 dagger "Icurphea" {antimagic, rC++}
  1150 | D:2      | HP: 2/43 [gnoll/+0 spear (3)]
  1151 | D:2      | XOM: cleaving
  1166 | D:2      | Slain by a gnoll

Illustrated notes

Levels and vault maps discovered:
D:1:      shiori_arrival_elements, layout_rooms, serial_corexii_hall,
          chequers_hall_statues_y, corexii_hall_statues_u,
          chequers_hall_statues_corner_a, minmay_cut_off
D:2:      minmay_alternating_diamond, layout_loops_cross,
          dreamdust_wishing_well, chequers_jeans

Skill      XL: |  1  2 |
---------------+-------+-----
Dodging        | 1 |  1.5
Long Blades    | 3 |  3.3
Armour         | 2 |  2.5
Fighting       | |  3.5

Action                     || total
---------------------------++-------
  Melee: Falchion          ||    81
         Headbutt          ||    10
    Use: Potion            ||     2
         Scroll            ||     3
 Armour: Leather armour    ||    27
         Ring mail         ||    46
         Scale mail        ||    36
  Dodge: Dodged            ||    87
